NCAA
WASHINGTON HUSKIES @ WASHINGTON STATE COUGARS
05/18/2023
 
TOP OF THE 1ST
Washington Huskies batting - Pitching for Washington State Cougars : LHP Vern Murdoch
Pitching: LHP Vern Murdoch
Batting: LHB Eric Powell 0-0: Called Strike
0-1: Foul Ball, location: 2F
0-2: Ball
1-2: Foul Ball, location: 2F
1-2: Foul Ball, location: 2F
1-2: Ball
2-2: Fly out, F8 (Flyball, 8LD)
Batting: RHB Lou Taylor 0-0: Ball
1-0: Fly out, F3 (Popup, 23)
Batting: RHB Howard Johnson 0-0: Fly out, F7 (Flyball, 78M)
Top of the 1st over - 0 run(s), 0 hit(s), 0 error(s), 0 left on base; Washington 0 - Washington State 0
BOTTOM OF THE 1ST
Washington State Cougars batting - Pitching for Washington Huskies : RHP David Henderson
Pitching: RHP David Henderson
Batting: RHB Ramón Román 0-0: Swinging Strike
0-1: Foul Ball, location: 2F
0-2: Strikes out swinging
Batting: RHB José Velázquez 0-0: Ball
1-0: Ball
2-0: SINGLE (Groundball, 56D)
Batting: SHB Tony Matos 0-0: Called Strike
0-1: Called Strike
0-2: Ball
1-2: Ball
2-2: Strikes out looking
Batting: LHB Allen Shepherd 0-0: Ball
1-0: TRIPLE (Line Drive, 3L)
José Velázquez scores
Batting: RHB Tommy Wilson 0-0: Foul Ball, location: 2F
0-1: Swinging Strike
0-2: Foul Ball, location: 2F
0-2: Ball
1-2: Foul Ball, location: 2F
1-2: Foul Ball, location: 2F
1-2: Ground out 4-3 (Groundball, 4M)
Bottom of the 1st over - 1 run(s), 2 hit(s), 0 error(s), 1 left on base; Washington 0 - Washington State 1
TOP OF THE 2ND
Washington Huskies batting - Pitching for Washington State Cougars : LHP Vern Murdoch
Batting: RHB Manuel Hernández 0-0: SOLO HOME RUN (Flyball, 8LXD), Distance : 398 ft
Batting: RHB Jacob Pope 0-0: Ball
1-0: DOUBLE (Line Drive, 7LM)
Batting: LHB Tomás Téllez 0-0: Called Strike
0-1: Foul Ball, location: 2F
0-2: Ball
1-2: Foul Ball, location: 2F
1-2: Ball
2-2: Fly out, F3 (Popup, 3)
Batting: RHB Roy Banks 0-0: Swinging Strike
0-1: Foul Ball, location: 2F
0-2: Ball
1-2: Strikes out looking
Batting: RHB Gunnar Bush 0-0: Called Strike
0-1: Fly out, F8 (Flyball, 8LM)
Top of the 2nd over - 1 run(s), 2 hit(s), 0 error(s), 1 left on base; Washington 1 - Washington State 1
BOTTOM OF THE 2ND
Washington State Cougars batting - Pitching for Washington Huskies : RHP David Henderson
Batting: SHB Martín Cruz 0-0: Ball
1-0: Ball
2-0: Foul Ball, location: 2F
2-1: Ball
3-1: Foul Ball, location: 2F
3-2: Strikes out swinging
Batting: RHB Keith Ivey 0-0: Ground out U3 (Groundball, 3S)
Batting: RHB Jayson Clark 0-0: Ball
1-0: Ball
2-0: Swinging Strike
2-1: Foul Ball, location: 2F
2-2: Ball
3-2: Foul Ball, location: 2F
3-2: Foul Ball, location: 2F
3-2: Base on Balls
Batting: RHB Enrique Cruz 0-0: DOUBLE (Flyball, 8LM)
Jayson Clark to third
Runner from 3rd tries for Home, SAFE, no throw or cutoff
Batting: RHB Ramón Román 0-0: Ball
1-0: Called Strike
1-1: Ground out 6-3 (Groundball, 6)
Bottom of the 2nd over - 1 run(s), 1 hit(s), 0 error(s), 1 left on base; Washington 1 - Washington State 2
TOP OF THE 3RD
Washington Huskies batting - Pitching for Washington State Cougars : LHP Vern Murdoch
Batting: SHB Michael Aisher 0-0: Ball
1-0: Called Strike
1-1: Ball
2-1: Foul Ball, location: 2F
2-2: Strikes out swinging, 2-3 out at first.
Batting: LHB Eric Powell 0-0: Ball
1-0: Swinging Strike
1-1: Swinging Strike
1-2: Foul Ball, location: 2F
1-2: Foul Ball, location: 2F
1-2: Ball
2-2: Foul Ball, location: 2F
2-2: Fly out, F9 (Flyball, 9M)
Batting: RHB Lou Taylor 0-0: Called Strike
0-1: Ball
1-1: Ball
2-1: Ball
3-1: Base on Balls
Batting: RHB Howard Johnson 0-0: Fly out, F2 (Popup, 2RF)
Top of the 3rd over - 0 run(s), 0 hit(s), 0 error(s), 1 left on base; Washington 1 - Washington State 2
BOTTOM OF THE 3RD
Washington State Cougars batting - Pitching for Washington Huskies : RHP David Henderson
Batting: RHB José Velázquez 0-0: Ball
1-0: Ball
2-0: Ball
3-0: Base on Balls
Batting: SHB Tony Matos 0-0: Called Strike
0-1: Called Strike
0-2: Ball
1-2: Grounds into double play, 6-4-3 (Groundball, 6)
Batting: LHB Allen Shepherd 0-0: Ball
1-0: Ball
2-0: Foul Ball, location: 2F
2-1: SINGLE (Groundball, 3L)
Batting: RHB Tommy Wilson 0-0: Ball
Allen Shepherd steals 2nd base
1-0: Ball
2-0: Called Strike
2-1: Called Strike
2-2: SINGLE (Groundball, 6MD)
Allen Shepherd to third
Throwing error, E8
Allen Shepherd scores
Tommy Wilson to second
Batting: SHB Martín Cruz 0-0: Called Strike
0-1: Ball
1-1: Foul Ball, location: 2F
1-2: Ball
2-2: Ball
3-2: Base on Balls
Batting: RHB Keith Ivey 0-0: SINGLE (Line Drive, 7S)
Tommy Wilson to third
Martín Cruz to second
Runner from 3rd tries for Home, SAFE, throw made home
Martín Cruz to third
Keith Ivey to second
Batting: RHB Jayson Clark 0-0: Foul Ball, location: 2F
0-1: Ball
1-1: Foul Ball, location: 2F
1-2: Ball
2-2: Foul Ball, location: 2F
2-2: Strikes out swinging
Bottom of the 3rd over - 2 run(s), 3 hit(s), 1 error(s), 2 left on base; Washington 1 - Washington State 4
TOP OF THE 4TH
Washington Huskies batting - Pitching for Washington State Cougars : LHP Vern Murdoch
Batting: RHB Manuel Hernández 0-0: Foul Ball, location: 2F
0-1: Foul Ball, location: 2F
0-2: Ball
1-2: Strikes out swinging
Batting: RHB Jacob Pope 0-0: Ball
1-0: Called Strike
1-1: SOLO HOME RUN (Flyball, 7D), Distance : 370 ft
Batting: LHB Tomás Téllez 0-0: Swinging Strike
0-1: Foul Ball, location: 2F
0-2: Ground out 4-3 (Groundball, 4)
Batting: RHB Roy Banks 0-0: Ground out 1-3 (Groundball, 13S)
Top of the 4th over - 1 run(s), 1 hit(s), 0 error(s), 0 left on base; Washington 2 - Washington State 4
BOTTOM OF THE 4TH
Washington State Cougars batting - Pitching for Washington Huskies : RHP David Henderson
Batting: RHB Enrique Cruz 0-0: Ball
1-0: Foul Ball, location: 2F
1-1: Swinging Strike
1-2: Ball
2-2: Ball
3-2: Base on Balls
Batting: RHB Ramón Román 0-0: Ball
Enrique Cruz is caught stealing 2nd base
1-0: Ball
2-0: Ball
3-0: Swinging Strike
3-1: Base on Balls
Pitching: RHP Jeffrey Córdova
Batting: RHB José Velázquez 0-0: Ball
1-0: Called Strike
1-1: Swinging Strike
1-2: Ball
2-2: Fly out, F9 (Flyball, 9M)
Batting: SHB Tony Matos 0-0: Foul Ball, location: 2F
0-1: Ball
1-1: Called Strike
1-2: Ball
Ramón Román steals 2nd base
2-2: Strikes out swinging
Bottom of the 4th over - 0 run(s), 0 hit(s), 0 error(s), 1 left on base; Washington 2 - Washington State 4
TOP OF THE 5TH
Washington Huskies batting - Pitching for Washington State Cougars : LHP Vern Murdoch
Batting: RHB Gunnar Bush 0-0: SINGLE (Groundball, 34D)
Batting: SHB Michael Aisher 0-0: Fielders Choice at 2nd, 6-4 (Groundball, 6M)
Batting: LHB Eric Powell 0-0: Called Strike
0-1: Ball
1-1: SINGLE (Groundball, 4MD)
Michael Aisher to second
Runner from 2nd tries for 3rd, SAFE, no throw or cutoff
Batting: RHB Lou Taylor 0-0: Ball
1-0: SINGLE (Line Drive, 8LS)
Michael Aisher scores
Eric Powell to second
Runner from 2nd tries for 3rd, SAFE, throw made to third
Batting: RHB Howard Johnson 0-0: DOUBLE (Line Drive, 9LS)
Eric Powell scores
Lou Taylor to third
Runner from 3rd tries for Home, throw and OUT!
Howard Johnson to third
Batting: RHB Manuel Hernández 0-0: Called Strike
0-1: 2-RUN HOME RUN (Flyball, 7LD), Distance : 329 ft
Batting: RHB Jacob Pope 0-0: Ball
1-0: Swinging Strike
1-1: Swinging Strike
1-2: Ball
2-2: Ball
3-2: Base on Balls
Batting: LHB Tomás Téllez 0-0: Ground out U3 (Groundball, 3L)
Top of the 5th over - 4 run(s), 5 hit(s), 0 error(s), 1 left on base; Washington 6 - Washington State 4
BOTTOM OF THE 5TH
Washington State Cougars batting - Pitching for Washington Huskies : RHP Jeffrey Córdova
Batting: LHB Allen Shepherd 0-0: Ball
1-0: Called Strike
1-1: Ball
2-1: SINGLE (Groundball, 5D)
Batting: RHB Tommy Wilson 0-0: Ball
1-0: Swinging Strike
1-1: Grounds into double play, 5-4-3 (Groundball, 56)
Batting: SHB Martín Cruz 0-0: Called Strike
0-1: SINGLE (Line Drive, 78S)
Batting: RHB Keith Ivey 0-0: Ball
1-0: Called Strike
1-1: Swinging Strike
1-2: Fielders Choice at 2nd, U4 (Groundball, 4M)
Bottom of the 5th over - 0 run(s), 2 hit(s), 0 error(s), 1 left on base; Washington 6 - Washington State 4
TOP OF THE 6TH
Washington Huskies batting - Pitching for Washington State Cougars : LHP Vern Murdoch
Batting: RHB Roy Banks 0-0: Ground out 5-3 (Groundball, 56S)
Batting: RHB Gunnar Bush 0-0: Called Strike
0-1: Called Strike
0-2: Ball
1-2: Ball
2-2: Ball
3-2: Strikes out swinging
Batting: SHB Michael Aisher 0-0: Ground out 5-3 (Groundball, 5)
Top of the 6th over - 0 run(s), 0 hit(s), 0 error(s), 0 left on base; Washington 6 - Washington State 4
BOTTOM OF THE 6TH
Washington State Cougars batting - Pitching for Washington Huskies : RHP Jeffrey Córdova
Batting: RHB Jayson Clark 0-0: Swinging Strike
0-1: Swinging Strike
0-2: Ball
1-2: Strikes out swinging
Batting: RHB Enrique Cruz 0-0: Ball
1-0: Fly out, F9 (Flyball, 9M)
Batting: RHB Ramón Román 0-0: Swinging Strike
0-1: Called Strike
0-2: Ground out 5-3 (Groundball, 56)
Bottom of the 6th over - 0 run(s), 0 hit(s), 0 error(s), 0 left on base; Washington 6 - Washington State 4
TOP OF THE 7TH
Washington Huskies batting - Pitching for Washington State Cougars : LHP Vern Murdoch
Pitching: LHP George Sheppard
Batting: LHB Eric Powell 0-0: Ball
1-0: Called Strike
1-1: Foul Ball, location: 2F
1-2: Ball
2-2: SINGLE (Groundball, 4MD)
Batting: RHB Lou Taylor 0-0: Ball
1-0: Ball
2-0: Ball
3-0: Called Strike
3-1: Foul Ball, location: 2F
3-2: DOUBLE (Line Drive, 8LM)
Eric Powell to third
Eric Powell scores
Batting: RHB Howard Johnson 0-0: Called Strike
0-1: Swinging Strike
0-2: Foul Ball, location: 2F
0-2: Foul Ball, location: 2F
0-2: SINGLE (Line Drive, 89S)
Lou Taylor to third
Batting: RHB Manuel Hernández 0-0: Ball
1-0: Ball
2-0: Ball
3-0: Called Strike
3-1: Base on Balls
Howard Johnson to second
Batting: RHB Jacob Pope 0-0: Ball
1-0: Swinging Strike
1-1: Foul Ball, location: 2F
1-2: Ball
2-2: Grounds into double play, 6-2-3 (Groundball, 6M)
Howard Johnson to third
Manuel Hernández to second
Batting: LHB Tomás Téllez 0-0: Foul Ball, location: 2F
0-1: Called Strike
0-2: Ball
1-2: Ball
2-2: Foul Ball, location: 2F
2-2: Foul Ball, location: 2F
2-2: Foul Ball, location: 2F
2-2: Ground out 4-3 (Groundball, 4)
Top of the 7th over - 1 run(s), 3 hit(s), 0 error(s), 2 left on base; Washington 7 - Washington State 4
BOTTOM OF THE 7TH
Washington State Cougars batting - Pitching for Washington Huskies : RHP Jeffrey Córdova
Pitching: RHP Stephen Horton
Batting: RHB José Velázquez 0-0: Called Strike
0-1: Called Strike
0-2: Foul Ball, location: 2F
0-2: Strikes out swinging
Batting: SHB Tony Matos 0-0: Ball
1-0: SINGLE (Line Drive, 9S)
Batting: LHB Allen Shepherd 0-0: Foul Ball, location: 2F
0-1: Ball
1-1: Ball
Wild Pitch!
Tony Matos to second
2-1: Ball
3-1: Base on Balls
Batting: RHB Tommy Wilson 0-0: Called Strike
0-1: Ball
1-1: Called Strike
1-2: Ball
2-2: Foul Ball, location: 2F
2-2: Foul Ball, location: 2F
2-2: Strikes out swinging
Batting: SHB Martín Cruz 0-0: Foul Ball, location: 2F
0-1: Ball
1-1: Foul Ball, location: 2F
1-2: SINGLE (Line Drive, 6M)
Tony Matos to third
Allen Shepherd to second
Runner from 3rd tries for Home, throw and OUT!
Bottom of the 7th over - 0 run(s), 2 hit(s), 0 error(s), 2 left on base; Washington 7 - Washington State 4
TOP OF THE 8TH
Washington Huskies batting - Pitching for Washington State Cougars : LHP George Sheppard
Batting: RHB Roy Banks 0-0: Ball
1-0: Ball
2-0: SINGLE (Line Drive, 78S)
Batting: RHB Gunnar Bush 0-0: Called Strike
0-1: Ball
1-1: Sac Bunt - play at first, batter OUT! 5-3
Roy Banks to second
Pitching: RHP Bo Adams
Batting: SHB Michael Aisher 0-0: Ball
1-0: Foul Ball, location: 2F
1-1: Foul Ball, location: 2F
1-2: Ball
2-2: Strikes out swinging
Batting: LHB Eric Powell 0-0: Called Strike
0-1: Foul Ball, location: 2F
0-2: Fly out, F7 (Flyball, 78M)
Top of the 8th over - 0 run(s), 1 hit(s), 0 error(s), 1 left on base; Washington 7 - Washington State 4
BOTTOM OF THE 8TH
Washington State Cougars batting - Pitching for Washington Huskies : RHP Stephen Horton
Batting: RHB Keith Ivey 0-0: Ball
1-0: Swinging Strike
1-1: Foul Ball, location: 2F
1-2: DOUBLE (Flyball, 7LM)
Batting: RHB Jayson Clark 0-0: Foul Ball, location: 2F
0-1: Ground out 4-3 (Groundball, 4)
Keith Ivey to third
Pitching: RHP Paco Alonzo
Batting: RHB Enrique Cruz 0-0: SINGLE (Line Drive, 89S)
Keith Ivey scores
Pitching: RHP Ambrose Palmer
Batting: RHB Ramón Román 0-0: Swinging Strike
0-1: Ball
1-1: Ball
2-1: Fly out, F7 (Flyball, 7M)
Batting: RHB José Velázquez 0-0: Called Strike
0-1: Swinging Strike
0-2: Foul Ball, location: 2F
0-2: Ball
1-2: Strikes out looking
Bottom of the 8th over - 1 run(s), 2 hit(s), 0 error(s), 1 left on base; Washington 7 - Washington State 5
TOP OF THE 9TH
Washington Huskies batting - Pitching for Washington State Cougars : RHP Bo Adams
Batting: RHB Lou Taylor 0-0: Ball
1-0: Foul Ball, location: 2F
1-1: Ball
2-1: Swinging Strike
2-2: Strikes out swinging
Batting: RHB Howard Johnson 0-0: Ball
1-0: DOUBLE (Line Drive, 56D)
Batting: RHB Manuel Hernández 0-0: Intentional Walk
Pitching: RHP John Wooten
Batting: RHB Jacob Pope 0-0: Foul Ball, location: 2F
0-1: Swinging Strike
0-2: Foul Ball, location: 2F
0-2: Ball
1-2: Strikes out swinging
Pinch Hitting: LHB Giraldo Jennings 0-0: Swinging Strike
0-1: Ball
1-1: Ball
2-1: Ground out 4-3 (Groundball, 4)
Top of the 9th over - 0 run(s), 1 hit(s), 0 error(s), 2 left on base; Washington 7 - Washington State 5
BOTTOM OF THE 9TH
Washington State Cougars batting - Pitching for Washington Huskies : RHP Ambrose Palmer
Pitching: RHP Nathan Davis
Now at 1B: Al Crocker
Now in RF: Rafael Hernández
Batting: SHB Tony Matos 0-0: Called Strike
0-1: Swinging Strike
0-2: Ball
1-2: Strikes out swinging
Batting: LHB Allen Shepherd 0-0: Swinging Strike
0-1: Ball
1-1: Ball
2-1: Foul Ball, location: 2F
2-2: SINGLE (Flyball, 8LS)
Batting: RHB Tommy Wilson 0-0: Ball
1-0: Foul Ball, location: 2F
1-1: Ball
2-1: Foul Ball, location: 2F
2-2: Foul Ball, location: 2F
2-2: Foul Ball, location: 2F
2-2: Strikes out swinging
Batting: SHB Martín Cruz 0-0: Ball
1-0: Swinging Strike
1-1: Ball
2-1: Ball
3-1: Foul Ball, location: 2F
3-2: Strikes out swinging
Bottom of the 9th over - 0 run(s), 1 hit(s), 0 error(s), 1 left on base; Washington 7 - Washington State 5
This league is powered by Out of the Park Baseball, the baseball management simulation game for PC, Mac and Linux
Wednesday, December 2nd, 2015 - OOTP Baseball 16.8 Build 38